 Dungeon Sprint DCSS version 0.21.1-1-g345015f (webtiles) character file.

21175 Fang the Impaler (level 12, -8/125 HPs)
             Began as a Minotaur Berserker on May 2, 2018.
             Was the Champion of Trog.
             Killed from afar by a merfolk aquamancer (12 damage)
             ... with a shard of ice
             ... in the Dungeon (Sprint V: "Ziggurat Sprint").
             The game lasted 00:07:08 (1127 turns).

Fang the Impaler (Minotaur Berserker)               Turns: 1127, Time: 00:07:09

Health: -8/125     AC: 20    Str: 36    XL:     12   Next: 51%
Magic:  6/11       EV: 14    Int:  8    God:    Trog [******]
Gold:   0          SH:  0    Dex: 12    Spells: 11/11 levels left

rFire    . . .     SeeInvis .   j - +1 hand axe of the Undead {drain, rElec rC+ Str+2 Int+4}
rCold    + . .     Gourm    .   (no shield)
rNeg     . . .     Faith    .   B - +7 chain mail of the Shore {*Drain Str+3}
rPois    .         Spirit   .   (helmet restricted)
rElec    +         Reflect  .   (no cloak)
rCorr    .         Harm     .   (no gloves)
MR       .....     NoTele   +   (no boots)
Stlth    ..........             (no amulet)
HPRegen  0.30/turn              G - ring of flight
MPRegen  0.12/turn              F - +6 ring of strength

@: berserk cooldown, slowed, very slow
A: retaliatory headbutt, horns 2
a: Berserk, Trog's Hand, Brothers in Arms, Burn Spellbooks, Renounce Religion,
Evoke Flight


You were in the Dungeon.
You worshipped Trog.
Trog was exalted by your worship.
You were very hungry.

You visited 1 branch

Inventory:

Hand Weapons
 j - the +1 hand axe of the Undead (weapon) {drain, rElec rC+ Str+2 Int+4}
   (Trog gifted it to you in the Dungeon)

   A truly terrible weapon, it drains the life of those it strikes.
   It affects your strength (+2).
   It affects your intelligence (+4).
   It protects you from cold.
   It insulates you from electricity.
 l - a +5 demon trident
Missiles
 k - 15 tomahawks (quivered)
Armour
 B - the +7 chain mail of the Shore (worn) {*Drain Str+3}
   (You found it in the Dungeon)

   It affects your strength (+3).
   It causes draining when unequipped.
Jewellery
 F - a +6 ring of strength (right hand)
 G - a ring of flight (left hand)
Wands
 x - a wand of disintegration (7)
 y - a wand of iceblast (7)
 z - a wand of acid (7)
Scrolls
 i - 4 scrolls of blinking
 m - 7 scrolls of fog
 n - a scroll of holy word
 o - 5 scrolls of identify
 p - 5 scrolls of remove curse
 q - 2 scrolls of fear
Potions
 d - 10 potions of curing
 e - 14 potions of heal wounds
 f - 6 potions of haste
 g - 7 potions of magic
 h - 3 potions of berserk rage
 r - 2 potions of brilliance
 s - 2 potions of invisibility
 t - 4 potions of resistance
 v - 5 potions of agility
 w - 5 potions of might
Miscellaneous
 a - a box of beasts
 A - a lamp of fire (inert)
Comestibles
 b - 2 chunks of flesh
 c - 7 rations


   Skills:
 + Level 17.3 Fighting
 + Level 14.5(18.2) Axes
 + Level 18.4(20.0) Polearms
 + Level 14.4 Armour
 + Level 9.6 Dodging
 + Level 3.6 Stealth


You had 11 spell levels left.
You didn't know any spells.

Dungeon Overview and Level Annotations

Branches:
Dungeon (1/1)

Altars:
Ashenzari
Cheibriados
Dithmenos
Elyvilon
Fedhas
Gozag
Hepliaklqana
Kikubaaqudgha
Makhleb
Nemelex Xobeh
Okawaru
Qazlal
Ru
Sif Muna
Trog
Uskayaw
Vehumet
Wu Jian
Xom
Yredelemnul
Zin
The Shining One
Beogh
Jiyva
Lugonu

Annotations:
D 1 transporter


Innate Abilities, Weirdness & Mutations

You reflexively headbutt those who attack you in melee.
You have a pair of horns on your head.


Message History

Your headbutt misses the merfolk impaler.
The merfolk impaler is heavily wounded.
You closely miss the merfolk aquamancer.
You hit the merfolk.
The merfolk impaler hits you but does no damage.
The merfolk impaler hits you with a +2 battleaxe of flaming!
* * * LOW HITPOINT WARNING * * *
The merfolk impaler burns you.
* * * LOW HITPOINT WARNING * * *
The merfolk aquamancer closely misses you.
The merfolk hits you but does no damage.
You writhe in agony.
* * * LOW HITPOINT WARNING * * *
The merfolk impaler hits you from afar with a vampiric trident!
* * * LOW HITPOINT WARNING * * *
The snapping turtle misses you.
The merfolk javelineer hits you but does no damage.
The merfolk aquamancer gestures at you while chanting.
The shard of ice hits you! You partially resist.
You die...

▓▓▓▓▓▓▓▓▓▓▓▓
▓...8©8≈.≈▓...8©8...▓.
▓..[)|)))≈▓..[).."..▓.
▓≈.)|≈::.≈▓..[}.[|..▓.
▓≈.......≈▓.........▓.
▓≈..mm....▓.....)...▓.
▓≈.mmmt.≈≈▓.........▓.
▓≈.≈≈mm...▓.........▓.
▓..≈≈@m≈≈.▓.....)...▓.
▓≈..≈≈m≈..▓.▓.....▓.▓.
▓...≈©≈.≈≈▓....©....▓▓
▓▓▓▓▓▓▓▓▓▓▓▓▓▓▓▓▓▓▓▓▓


You could see 4 merfolk impalers, a merfolk javelineer, 2 merfolk aquamancers, a
snapping turtle and 2 merfolk.

Vanquished Creatures
  A lich (D)
  2 dancing weapons (D)
  A large abomination (D)
  2 deep elf knights (D)
  A glowing orange brain (D)
  A deep elf mage (D)
  5 draconians (D)
  A cyclops (D)
  2 toenail golems (D)
  2 ice devils (D)
  4 merfolk (D)
  A hippogriff (D)
  5 spriggans (D)
  A hell hound (D)
  2 black bears (D)
  2 ice beasts (D)
  3 orc warriors (D)
  A phantom (D)
  A wolf (D)
  A centaur (D)
  2 earth elementals (D)
  A crimson imp (D)
  A quasit (D)
  An orc priest (D)
  4 orc wizards (D)
  An iron imp (D)
  3 shadow imps (D)
  A white imp (D)
  4 ufetubi (D)
  An adder zombie (D)
  An adder skeleton (D)
  An orc (D)
  A bat skeleton (D)
  A bat zombie (D)
  A ball python skeleton (D)
  A giant cockroach zombie (D)
  A jackal zombie (D)
65 creatures vanquished.

Vanquished Creatures (others)
  A spatial maelstrom (D)
1 creature vanquished.

Grand Total: 66 creatures vanquished

Notes
Turn   | Place    | Note
-------+----------+-------------------------------------------
     0 | D        | Found the +6 Majin-Bo {vamp, Archmagi MP+6 Int+6}
     0 | D        | Found the +7 great mace "Firestarter" {inner flame, rF++}
     0 | D        | Fang the Minotaur Berserker began the quest for the Orb.
     0 | D        | Reached XP level 1. HP: 19/19 MP: 0/0
     4 | D        | Banished a spatial maelstrom
     5 | D        | Found a blossoming altar of Fedhas.
     6 | D        | Found a viscous altar of Jiyva.
     6 | D        | Found a hazy altar of Hepliaklqana.
     6 | D        | Found a transporter.
     6 | D        | Found an opulent altar of Gozag.
     6 | D        | Found an ancient bone altar of Kikubaaqudgha.
     6 | D        | Found a corrupted altar of Lugonu.
    12 | D        | Found a burning altar of Makhleb.
    13 | D        | Found a stormy altar of Qazlal.
    13 | D        | Found a sacrificial altar of Ru.
    13 | D        | Found an iron altar of Okawaru.
    13 | D        | Found a deep blue altar of Sif Muna.
    13 | D        | Found a sparkling altar of Nemelex Xobeh.
    13 | D        | Found a bloodstained altar of Trog.
    77 | D        | Entered arena 2.
    77 | D        | Noticed a toenail golem
    77 | D        | Noticed a toenail golem
    77 | D        | Found a transporter.
    83 | D        | Killed a toenail golem
    83 | D        | Reached skill level 10 in Fighting
    83 | D        | Reached skill level 10 in Axes
    83 | D        | Reached skill level 3 in Polearms
    83 | D        | Reached skill level 5 in Armour
    83 | D        | Reached skill level 5 in Dodging
    83 | D        | Reached XP level 2. HP: 39/39 MP: 1/1
    83 | D        | Reached XP level 3. HP: 46/46 MP: 2/2
    83 | D        | Reached XP level 4. HP: 52/52 MP: 3/3
    83 | D        | Reached XP level 5. HP: 59/59 MP: 4/4
    83 | D        | Reached XP level 6. HP: 67/67 MP: 5/5
    87 | D        | Killed a toenail golem
    87 | D        | Reached skill level 5 in Polearms
    87 | D        | Reached XP level 7. HP: 75/75 MP: 6/6
   133 | D        | Entered arena 3.
   133 | D        | Found a transporter.
   136 | D        | Reached ** piety under Trog
   141 | D        | Got the +6 hand axe of Qenot {venom, rC+}
   154 | D        | Entered arena 4.
   154 | D        | Noticed a large abomination
   154 | D        | Found a transporter.
   161 | D        | Reached *** piety under Trog
   163 | D        | Killed a large abomination
   163 | D        | Reached skill level 7 in Polearms
   163 | D        | Reached XP level 8. HP: 57/86 MP: 7/7
   293 | D        | Entered arena 5.
   293 | D        | Found a transporter.
   294 | D        | Reached **** piety under Trog
   308 | D        | Reached ***** piety under Trog
   314 | D        | Entered arena 6.
   314 | D        | Noticed a draconian
   314 | D        | Noticed a draconian
   314 | D        | Noticed a draconian
   314 | D        | Noticed a draconian
   314 | D        | Noticed a draconian
   314 | D        | Found a transporter.
   326 | D        | Killed a draconian
   326 | D        | Reached skill level 8 in Polearms
   326 | D        | Reached skill level 1 in Stealth
   329 | D        | Killed a draconian
   329 | D        | Reached skill level 9 in Polearms
   329 | D        | Reached XP level 9. HP: 94/94 MP: 8/8
   331 | D        | Killed a draconian
   331 | D        | Reached skill level 10 in Polearms
   333 | D        | Killed a draconian
   333 | D        | Reached skill level 10 in Armour
   337 | D        | Killed a draconian
   337 | D        | Reached skill level 11 in Polearms
   405 | D        | Entered arena 7.
   405 | D        | Noticed a merfolk
   405 | D        | Noticed a cyclops
   405 | D        | Noticed a merfolk
   405 | D        | Noticed a merfolk
   405 | D        | Noticed a merfolk
   407 | D        | Found a transporter.
   410 | D        | Killed a merfolk
   410 | D        | Received a gift from Trog
   419 | D        | Killed a merfolk
   426 | D        | Killed a cyclops
   426 | D        | Reached skill level 15 in Fighting
   426 | D        | Reached skill level 12 in Polearms
   426 | D        | Reached XP level 10. HP: 71/105 MP: 9/9
   436 | D        | Reached skill level 13 in Polearms
   469 | D        | Got the +7 chain mail of the Shore {*Drain Str+3}
   623 | D        | Entered arena 8.
   623 | D        | Noticed a lich
   623 | D        | Noticed a glowing orange brain
   624 | D        | Found a transporter.
   629 | D        | Killed a glowing orange brain
   633 | D        | Reached ****** piety under Trog
   640 | D        | Killed a lich
   640 | D        | Reached skill level 15 in Polearms
   645 | D        | Received a gift from Trog
   737 | D        | Entered arena 9.
   737 | D        | Noticed a deep elf knight
   737 | D        | Noticed a scimitar of slicing
   737 | D        | Noticed a deep elf mage
   737 | D        | Noticed a mace of protection
   737 | D        | Noticed a deep elf knight
   739 | D        | Found a transporter.
   742 | D        | Killed a mace of protection
   742 | D        | Received a gift from Trog
   742 | D        | Reached skill level 16 in Polearms
   742 | D        | Reached XP level 11. HP: 114/114 MP: 10/10
   744 | D        | Killed a scimitar of slicing
   746 | D        | Killed a deep elf knight
   751 | D        | Killed a deep elf knight
   755 | D        | Received a gift from Trog
   755 | D        | Reached skill level 17 in Polearms
   764 | D        | Killed a deep elf mage
   773 | D        | Reached XP level 12. HP: 114/124 MP: 11/11
   814 | D        | Entered arena 10.
   823 | D        | Received a gift from Trog
   833 | D        | Found a transporter.
   849 | D        | Got a bloodstained hand axe {god gift}
   850 | D        | Identified the +1 hand axe of the Undead {drain, rElec rC+ Str+2 Int+4} (Trog gifted it to you in the Dungeon)
   856 | D        | Received a gift from Trog
   867 | D        | Entered arena 11.
   868 | D        | Found a transporter.
   873 | D        | Received a gift from Trog
   880 | D        | Reached skill level 18 in Polearms
   930 | D        | Got the ring "Appuize" {rPois rF+ Slay+5}
  1042 | D        | Entered arena 12.
  1044 | D        | Found a transporter.
  1048 | D        | Received a gift from Trog
  1057 | D        | Received a gift from Trog
  1079 | D        | Received a gift from Trog
  1100 | D        | Got the +5 scale mail of Inquiry {Stlth+}
  1105 | D        | Entered arena 13.
  1105 | D        | Noticed a merfolk impaler
  1105 | D        | Noticed a merfolk impaler
  1105 | D        | Noticed a merfolk javelineer
  1106 | D        | Noticed a merfolk aquamancer
  1107 | D        | Noticed a merfolk impaler
  1108 | D        | Noticed a merfolk aquamancer
  1109 | D        | Noticed a merfolk impaler
  1109 | D        | Found a transporter.
  1127 | D        | HP: 4/125 [merfolk impaler/vampiric trident (7)]
  1127 | D        | Killed from afar by a merfolk aquamancer

Skill      XL: |  1  2  3  4  5  6  7  8  9 10 11 12 |
---------------+-------------------------------------+-----
Fighting       | 10 11 13 15 16 17 | 17.3
Axes           | 10 11 12 13 14 | 14.5
Polearms       | 3 5 7 9 12 16 17 18 | 18.4
Armour         | 5 6 7 9 11 12 13 14 | 14.4
Dodging        | 5 6 7 8 9 |  9.6
Stealth        | 1 2 3 |  3.6

Action                   |  1- 3 |  4- 6 |  7- 9 | 10-12 || total
-------------------------+-------+-------+-------+-------++-------
Melee: Demon trident     |     5 |     4 |    64 |    71 ||   144
       Headbutt          |     1 |       |    10 |    26 ||    37
       Hand axe          |       |       |       |    57 ||    57
Invok: Berserk           |     1 |       |     2 |     2 ||     5
       Burn Spellbooks   |       |       |     1 |     3 ||     4
Evoke: Lamp of fire      |       |       |       |     1 ||     1
  Use: Potion            |       |       |       |     1 ||     1
  Eat: Chunk             |       |       |       |     5 ||     5
Armor: Shadow dragon sca |     1 |     2 |    42 |     4 ||    49
       Chain mail        |       |       |       |    56 ||    56
Dodge: Dodged            |     2 |     1 |    50 |    77 ||   130
